 Dungeon Crawl Stone Soup version 0.31-a0-1074-g0b22e4e0f1 (webtiles) character file.

Game seed: 12362467535596874607

3395 Hubris850 the Ruffian (level 9, -2/59 HPs)
             Began as a Demonspawn Shapeshifter on Dec 8, 2023.
             Was an Initiate of Makhleb.
             Slain by a two-headed ogre
             ... wielding a +0 giant spiked club
              (7 damage)
             ... on level 9 of the Dungeon.
             The game lasted 00:19:42 (7221 turns).

Hubris850 the Ruffian (Demonspawn Shapeshifter)     Turns: 7221, Time: 00:19:43

Health: -2/59      AC: 12    Str: 19    XL:     9   Next: 75%
Magic:  17/17      EV: 11    Int: 13    God:    Makhleb [......]
Gold:   376        SH:  0    Dex: 19    Spells: 12/18 levels left

rFire   + .          .
                       - Unarmed
rCold   + + +        (shield currently unavailable)
rNeg    . . .        Q - +5 ring mail "Sophod" {Will+ rCorr Dex+5}
rPois   +            x - +1 helmet "Muhed" {Rampage rC++ Str+3 Stlth-}
rElec   .            p - scarf {rC+ rF+}
rCorr   +            (no gloves)
SInv    .            (no boots)
Will    +....        m - amulet of the acrobat Stlth
                     j - ring of poison resistance
HPRegen 0.29/turn    z - +4 ring of slaying
MPRegen 0.15/turn

%: acrobat, rampage
@: flux-form, glowing
A: glow, contaminating, hooves 2, condensation shield, demonic magic 2
a: Begin Untransformation, Renounce Religion


You were on level 9 of the Dungeon.
You worshipped Makhleb.
Makhleb was noncommittal.
You were something dangerously unstable.
You visited 2 branches of the dungeon, and saw 10 of its levels.

You collected 376 gold pieces.

Inventory:

Hand Weapons
 q - a +0 sling of flaming
 F - a +2 hand axe of freezing
 L - a +2 orcbow of electrocution
Missiles
 u - 12 javelins
 y - 8 boomerangs (quivered)
 C - 9 poisoned darts
 M - 6 darts of dispersal
Armour
 a - a +0 animal skin
 e - the +0 pair of boots of Lust {Dex+3}
   (You found it on level 3 of the Dungeon)

   Dex+3:     It affects your dexterity (+3).
 h - a +1 chain mail
 p - a scarf of resistance (worn)
 s - a +3 leather armour
 v - a +0 cloak
 x - the +1 helmet "Muhed" (worn) {Rampage rC++ Str+3 Stlth-}
   (You found it on level 4 of the Dungeon)

   Str+3:     It affects your strength (+3).
   rC++:      It greatly protects you from cold.
   Rampage:   It bestows one free step when moving towards enemies.
   Stlth-:    It makes you less stealthy.
 K - a +0 kite shield
 P - a +2 helmet
 Q - the +5 ring mail "Sophod" (worn) {Will+ rCorr Dex+5}
   (You found it on level 8 of the Dungeon)

   Dex+5:     It affects your dexterity (+5).
   Will+:     It increases your willpower.
   rCorr:     It protects you from acid and corrosion.
Magical Staves
 l - a staff of air
Jewellery
 j - a ring of poison resistance (left hand)
 m - an amulet of the acrobat (around neck)
 n - a ring of magical power
 r - a ring of see invisible
 z - a +4 ring of slaying (right hand)
 H - a ring of protection from fire
Talismans
 c - a beast talisman
 d - a flux talisman (active)
 I - a blade talisman
Wands
 A - a wand of iceblast (11)
 N - a wand of light (3)
 O - a wand of charming (6)
 S - a wand of polymorph (11)
Scrolls
 g - 2 scrolls of fear
 i - 2 scrolls of amnesia
 k - 2 scrolls of teleportation
 D - a scroll of fog
 E - a scroll of torment
 J - a scroll of poison
 R - a scroll of blinking
Potions
 b - 2 potions of lignification
 f - 2 potions of cancellation
 o - 4 potions of curing
 t - 2 potions of heal wounds
 w - 2 potions of ambrosia
 B - 3 potions of mutation
 G - a potion of magic


   Skills:
 - Level 1.0 Fighting
 - Level 1.7 Dodging
 + Level 7.6 Unarmed Combat
 + Level 5.3 Spellcasting
 + Level 3.6 Hexes
 - Level 4.0 Ice Magic
 + Level 7.0 Shapeshifting


You had 12 spell levels left.
You knew the following spells:

 Your Spells              Type           Power      Damage    Failure   Level
a - Frozen Ramparts       Ice            26%        1d4       19%         3
b - Confusing Touch       Hex            13%        N/A       21%         3

Your spell library contained the following spells:

 Spells                   Type           Power      Damage    Failure   Level
 Freeze                   Ice            52%        1d6       6%          1
 Kiss of Death            Conj/Necr      12%        2d6       30%         1
 Sandblast                Erth           6%         2d5       30%         1
 Hailstorm                Conj/Ice       8%         3d4       38%         3
 Cigotuvi's Dreadful Rot  Necr/Pois/Air  6%         N/A       43%         2
 Passwall                 Tmut/Erth      2%         N/A       43%         2
 Stone Arrow              Conj/Erth      6%         3d7       67%         3
 Brom's Barrelling Bould  Conj/Erth      3%         2d3       97%         4
 Dispel Undead            Necr           3%         3d7       97%         4
 Death Channel            Necr           1%         N/A       100%        6


Dungeon Overview and Level Annotations

Branches:
Dungeon (9/15)             Temple (1/1) D:7
   Lair: D:8-11         Orc: D:9-12

Altars:
Ashenzari
Cheibriados
Dithmenos
Fedhas
Gozag
Hepliaklqana
Kikubaaqudgha
Makhleb
Okawaru
Qazlal
Ru
Sif Muna
Trog
Uskayaw
Vehumet
Wu Jian
Xom
Yredelemnul

Shops:
D:4 :


Innate Abilities, Weirdness & Mutations

You are something dangerously unstable.
You glow with magical radiation, making you easy to see and hit.
Foes you strike become dangerously contaminated with magical radiation.
You are incapable of wielding weapons or throwing items.
You have hoof-like feet.
A meltable shield of frost defends you. (SH +0)
Spells you cast may paralyse nearby enemies.


Message History

You kill Psyche!
Makhleb accepts your kill.
Reactivating autopickup.
The kobold hits you but does no damage. The kobold brigand barely misses you.
Your Shapeshifting skill increases to level 7!
You feel much better. The kobold hits you but does no damage.
You hit the kobold.
You kill the kobold!
Makhleb accepts your kill.
You hit the two-headed ogre.
The two-headed ogre begins to glow.
You kick the two-headed ogre.
The two-headed ogre is lightly wounded.
You hit the two-headed ogre.
The two-headed ogre glows dangerously bright.
The two-headed ogre is moderately wounded.
The two-headed ogre misses you. The two-headed ogre barely misses you.
You hit the two-headed ogre.
The two-headed ogre shudders as magic cascades through it.
The two-headed ogre twists and deforms.
The two-headed ogre is moderately wounded.
The two-headed ogre hits you with a +0 giant spiked club!
The two-headed ogre misses you.
You hit the two-headed ogre.
The two-headed ogre begins to glow.
The two-headed ogre is moderately wounded.
You barely miss the two-headed ogre.
The two-headed ogre is moderately wounded.
The two-headed ogre hits you with a +0 giant spiked club.
The two-headed ogre closely misses you.
You punch the two-headed ogre!
The two-headed ogre glows dangerously bright.
You kick the two-headed ogre.
The two-headed ogre is heavily wounded.
You hit the two-headed ogre.
The two-headed ogre shudders as magic cascades through it.
The two-headed ogre twists and deforms.
You kick the two-headed ogre.
The two-headed ogre is severely wounded.
The two-headed ogre hits you with a +0 giant spiked club!!
* * * LOW HITPOINT WARNING * * *
The two-headed ogre hits you with a +0 giant spiked club!
You die...

.. . #.#. ... .# # ...#
..###.#. ....# ##
##.....# ....# . ..
#......#..... .. ...
#.....#K. .###.. #..
#...))O#.###.#.###.# .
#...)p###.....#...###.
...#.###.#......#....#.#
##..)..#.....#.....#
#......#..)...#....#.
...#..<..#)....###...#.
.. #.....)#.###.#.###.#
#.....###.....#...##
...#.###.#......#....#
..### ..#.....#.....


You could see a two-headed ogre (misshapen) and a kobold brigand.

Vanquished Creatures
  Psyche (D:9)
  Sigmund (D:5)
  A wyvern (D:7)
  The ghost of sigtrap the Ducker, an amateur GnGl (D:3)
  3 water moccasins
  A black bear (D:6)
  A sky beast (D:8)
  2 ogres
  An ice beast (D:7)
  5 centaurs
  A phantom (D:4)
  A kobold brigand (D:6)
  A bullfrog (D:7)
  A scorpion (D:6)
  4 howler monkeys
  2 quasits (D:5)
  3 hounds
  4 orc priests
  3 jellies
  Ijyb (D:5)
  2 iguanas
  Natasha (thrice) (D:3)
  A sleepcap (D:4)
  8 orc wizards
  4 gnolls (D:7)
  11 adders
  3 shadow imps
  2 white imps (D:5)
  4 ufetubi
  2 worms
  4 dart slugs
  39 orcs
  8 ball pythons
  10 endoplasms
  4 giant cockroaches
  8 goblins
  5 hobgoblins
  4 jackals
  10 kobolds
  3 quokkas
  3 bats
  7 frilled lizards
  9 rats
192 creatures vanquished.

Vanquished Creatures (others)
  An orc (D:8)
  2 kobolds (D:9)
3 creatures vanquished.

Grand Total: 195 creatures vanquished

Notes
Turn   | Place    | Note
-------+----------+-------------------------------------------
     0 | D:1      | Hubris850 the Demonspawn Shapeshifter began the quest for
                  | the Orb.
     0 | D:1      | Reached XP level 1. HP: 15/15 MP: 1/1
   171 | D:1      | Gained mutation: Spells you cast may paralyse adjacent
                  | enemies. [demonic ancestry]
   171 | D:1      | Reached XP level 2. HP: 17/21 MP: 2/2
   569 | D:1      | Gained mutation: A meltable shield of frost defends you.
                  | (SH +0) [demonic ancestry]
   569 | D:1      | Reached XP level 3. HP: 26/26 MP: 3/3
  1119 | D:2      | Found an ancient bone altar of Kikubaaqudgha.
  1644 | D:2      | Gained mutation: You have large cloven feet. [demonic
                  | ancestry]
  1644 | D:2      | Reached XP level 4. HP: 32/32 MP: 4/4
  1906 | D:3      | Identified the +0 pair of boots of Lust {Dex+3}
  2065 | D:3      | Noticed Natasha
  2077 | D:3      | Killed Natasha
  2078 | D:3      | Reached XP level 5. HP: 30/37 MP: 5/5
  2103 | D:3      | Found a runed translucent gate.
  2405 | D:3      | Noticed Natasha
  2414 | D:3      | Killed Natasha
  2572 | D:3      | Found a runed translucent gate.
  2573 | D:3      | Found a runed translucent gate.
  2708 | D:3      | Found a faded altar of an unknown god.
  2708 | D:3      | Noticed an ice devil
  2831 | D:3      | Noticed Natasha
  2838 | D:3      | Killed Natasha
  3013 | D:3      | Noticed sigtrap's ghost (amateur GnGl)
  3043 | D:3      | Killed sigtrap's ghost
  3044 | D:3      | Reached skill level 5 in Unarmed Combat
  3044 | D:3      | Reached XP level 6. HP: 18/43 MP: 6/6
  3181 | D:3      | Learned a level 3 spell: Frozen Ramparts
  3329 | D:4      | Identified the +1 helmet "Muhed" {Rampage rC++ Str+3
                  | Stlth-}
  3393 | D:4      | Reached skill level 1 in Spellcasting
  3393 | D:4      | Reached skill level 1 in Ice Magic
  3393 | D:4      | Reached skill level 5 in Shapeshifting
  3393 | D:4      | Reached XP level 7. HP: 19/48 MP: 8/8
  3571 | D:4      | Found Ximiqyog's Self-Improvement Boutique.
  3601 | D:4      | You fall into a shaft and drop 1 floor!
  3601 | D:5      | Entered Level 5 of the Dungeon
  3819 | D:5      | Noticed Ijyb
  3832 | D:5      | Killed Ijyb
  3835 | D:5      | HP: 2/48 [white imp/puff of frost (4)]
  3851 | D:5      | Noticed Sigmund
  3853 | D:5      | Killed Sigmund
  4192 | D:5      | Gained mutation: Spells you cast may paralyse nearby
                  | enemies. [demonic ancestry]
  4192 | D:5      | Reached XP level 8. HP: 54/54 MP: 11/11
  5264 | D:6      | Learned a level 3 spell: Confusing Touch
  5717 | D:7      | Reached skill level 1 in Hexes
  5717 | D:7      | Gained mutation: You have hoof-like feet. [demonic
                  | ancestry]
  5717 | D:7      | Reached XP level 9. HP: 59/59 MP: 15/15
  5908 | D:7      | Found a staircase to the Ecumenical Temple.
  5931 | Temple   | Entered the Ecumenical Temple
  5951 | Temple   | Became a worshipper of Makhleb the Destroyer
  6787 | D:8      | Reached skill level 5 in Spellcasting
  6788 | D:8      | Identified the +5 ring mail "Sophod" {Will+ rCorr Dex+5}
  7194 | D:9      | Noticed Psyche
  7203 | D:9      | Noticed a two-headed ogre
  7212 | D:9      | Killed Psyche
  7221 | D:9      | Slain by a two-headed ogre

Illustrated notes

Levels and vault maps discovered:
D:1:      erik_arrival_blinker_ship, layout_basic, chequers_avenue
D:2:      layout_loops_corners, basic_altar
D:3:      layout_basic, dreamdust_ecumenical_altar_sealed_demon,
          biasface_ghost_orc_armoury, uniq_natasha
D:4:      layout_cave_pools, kennysheep_nondescript, nicolae_shop_self_help
D:5:      layout_loops_ring, serial_demonic, serial_demonic_d, serial_demonic_e,
          serial_demonic_a, serial_demonic_g, serial_demonic_a,
          serial_demonic_c, serial_demonic_b, serial_demonic_d, uniq_sigmund,
          uniq_ijyb
D:6:      layout_loops_ring
D:7:      layout_loops_ring, minmay_temple_entry_proselytizer,
          minmay_misc_feat_four_crosses
D:8:      layout_rooms
D:9:      nicolae_BIG_FREAKIN_CUBE, layout_irregular_city, lemuel_crystal_altar,
          uniq_psyche, uniq_pikel
Temple:   grunt_wide_crystal_templ

Skill      XL: |  1  2  3  4  5  6  7  8  9 |
---------------+----------------------------+-----
Unarmed Combat | 3 4 5 6 7 |  7.6
Shapeshifting  | 3 4 5 6 7 |  7.0
Spellcasting   | 1 2 4 5 |  5.3
Ice Magic      | 1 2 4 |  4.0
Hexes          | 1 3 |  3.6
Fighting       | |  1.0
Dodging        | |  1.7

Action                     |  1- 3 |  4- 6 |  7- 9 || total
---------------------------+-------+-------+-------++-------
  Melee: Unarmed           |   128 |   118 |   266 ||   512
         Kick              |       |    28 |    82 ||   110
         Punch             |       |     3 |     6 ||     9
  Throw: Javelin           |       |     2 |       ||     2
         Boomerang         |       |       |    10 ||    10
         Dart              |       |       |     1 ||     1
   Cast: Frozen Ramparts   |       |       |     5 ||     5
         Confusing Touch   |       |       |     1 ||     1
Ability: Begin Untransform |       |     1 |     1 ||     2
  Evoke: Wand              |       |       |     2 ||     2
    Use: Scroll            |       |    13 |     7 ||    20
         Potion            |       |     1 |     4 ||     5
   Stab: Distracted        |       |     1 |       ||     1
         Paralysed         |       |       |     4 ||     4
         Sleeping          |       |       |     1 ||     1
         Confused          |       |       |     1 ||     1
 Armour: Animal skin       |    11 |       |       ||    11
         Chain mail        |    59 |    37 |       ||    96
         Skin              |       |    17 |       ||    17
         Leather armour    |       |    26 |   117 ||   143
         Ring mail         |       |       |    41 ||    41
  Dodge: Dodged            |    54 |    46 |   152 ||   252
  Block: Other             |     4 |    18 |    43 ||    65
   Form: Beast             |       |     1 |       ||     1
         Flux              |       |       |     1 ||     1

Table legend: (Time is in decaauts)
 A = Elapsed time spent in this place.
 B = Non-inter-level travel time spent in this place.
 C = Inter-level travel time spent in this place.
 D = Time resting spent in this place.
 E = Time spent auto-exploring this place.
 F = Levels seen in this place.
 G = Mean time per level.
                   A        B        C        D        E       F      G
               +--------+--------+--------+--------+--------+-----+--------+
         Total |   7187 |   6933 |    254 |    722 |   4886 |  10 |  718.7 |
       Dungeon |   7158 |   6912 |    246 |    722 |   4886 |   9 |  795.3 |
        Temple |     28 |     20 |      8 |      0 |      0 |   1 |   28.0 |
               +--------+--------+--------+--------+--------+-----+--------+

Top non-repeatable levels by time:
     D:3: 1471 daAuts
     D:7: 925 daAuts
     D:6: 902 daAuts
     D:1: 887 daAuts
     D:2: 856 daAuts
     D:5: 808 daAuts
     D:4: 748 daAuts
     D:8: 496 daAuts
     D:9: 61 daAuts
  Temple: 28 daAuts
